 Dungeon Crawl Stone Soup version 0.29-a0-100-g60f898f876 (webtiles) character file.

Game seed: 2123014471549962504

142 cyrus the Poker (level 5, 0/42 HPs)
             Began as a Merfolk Fighter on Feb 14, 2022.
             Killed from afar by Sigmund (4 damage)
             ... with a puff of flame
             ... on level 3 of the Dungeon.
             The game lasted 00:05:04 (3025 turns).

cyrus the Poker (Merfolk Fighter)                   Turns: 3025, Time: 00:05:05

Health: 0/42       AC:  6    Str: 17    XL:     5   Next: 24%
Magic:  5/5        EV:  9    Int:  9    God:
Gold:   117        SH:  4    Dex: 13    Spells: 4/4 levels left

rFire   . . .      SeeInvis .   a - +0 trident
rCold   . . .      Faith    .   c - +0 buckler
rNeg    . . .      Spirit   .   b - +0 scale mail
rPois   .          Reflect  .   (no helmet)
rElec   .          Harm     .   (no cloak)
rCorr   .          Rampage  .   (no gloves)
Will    .....                   (no boots)
Stlth   ..........              (no amulet)
HPRegen 0.14/turn               (no ring)
MPRegen 0.09/turn               (no ring)

@: mighty
A: (nimble swimmer 2), mertail
a: no special abilities


You were on level 3 of the Dungeon.
You visited 1 branch of the dungeon, and saw 3 of its levels.

You collected 117 gold pieces.

Inventory:

Hand Weapons
 a - a +0 trident (weapon)
Armour
 b - a +0 scale mail (worn)
 c - a +0 buckler (worn)
Scrolls
 h - a scroll of immolation {unknown}
 j - 3 scrolls of magic mapping {unknown}
 k - 2 scrolls of identify {unknown}
 l - 3 scrolls of teleportation {unknown}
 m - a scroll of amnesia {unknown}
 q - 3 scrolls of enchant weapon {unknown}
 r - a scroll of enchant armour {unknown}
Potions
 e - 2 potions of heal wounds {unknown}
 f - a potion of invisibility {unknown}
 g - 3 potions of curing {unknown}
 i - a potion of resistance {unknown}
 n - a potion of haste {unknown}
 o - a potion of ambrosia {unknown}
 p - 2 potions of lignification {unknown}
 s - a potion of attraction {unknown}


   Skills:
 + Level 3.7 Fighting
 + Level 5.2 Polearms
 + Level 3.1 Armour
 + Level 1.5 Dodging
 + Level 0.3 Stealth
 + Level 3.1 Shields


You had 4 spell levels left.
You didn't know any spells.
Your spell library contained the following spells:

 Spells                   Type           Power      Damage    Failure   Level
 Sting                    Tmut/Pois      0%         1d3       87%         1
 Poisonous Vapours        Pois/Air       0%         N/A       95%         2
 Olgreb's Toxic Radiance  Pois           0%         N/A       100%        4


Dungeon Overview and Level Annotations

Branches:
Dungeon (3/15)

Altars:
Dithmenos

Annotations:
D:3 Sigmund


Innate Abilities, Weirdness & Mutations

((You are very nimble when in or above water. (Stealth+, EV+, Speed+++)))
Your lower body shifts to a powerful aquatic tail in water.


Message History

Your Polearms skill increases to level 5!
You have reached level 5!
You feel stronger.
You open the door.
There is an open door here.
You open the door.
There is an open door here.
Sigmund the Dreaded comes into view.
He is wielding a +2 scythe of flaming.
Found a stone staircase leading down.
Sigmund shouts!
An orc comes into view. It is wielding a +0 trident.
Sigmund says, "Now you see me, now you don't..."
The orc shouts!
Sigmund gestures wildly while chanting.
Sigmund flickers and vanishes!
Deactivating autopickup; reactivate with Ctrl-A.
You feel very mighty all of a sudden. Something hits you. Something burns you.
The orc closely misses you.
You closely miss something. Something hits you! Something burns you.
The orc barely misses you.
You hit something. The orc barely misses you.
You hear some strange, mumbled words.
Something tries to affect you, but you resist.
An endoplasm comes into view.
You puncture something! The orc closely misses you. Something hits you!
Something burns you.
* * * LOW HITPOINT WARNING * * *
You miss something. The orc misses you. Something hits you.
* * * LOW HITPOINT WARNING * * *
Something burns you.
* * * LOW HITPOINT WARNING * * *
You puncture something! The orc misses you.
You miss something.
The orc hits you from afar with a +0 trident.
* * * LOW HITPOINT WARNING * * *
You hear some strange, mumbled words.
A puff of flame appears from out of thin air!
The puff of flame hits you.
You die...

#..# ..... ...##
###.## ##...## #..
##.J.>.## ##.#
##.......## ##..#
#...o.....####...####
+...{.....+..........
#...@.....####...####
##.......## ##....#
##.....## ####.#
##...## #.# ##'## #.#
#.# #.# #.# #.# ##.##
######.# ##...##
#......#


You could see an orc and an endoplasm.

Vanquished Creatures
  A hound (D:3)
  4 adders
  3 gnolls (D:3)
  2 worms (D:3)
  An endoplasm (D:2)
  4 giant cockroaches
  5 goblins
  7 hobgoblins
  6 jackals (D:2)
  A quokka (D:2)
  5 ball pythons
  3 bats
  6 frilled lizards
  A rat (D:3)
49 creatures vanquished.

Notes
Turn   | Place    | Note
-------+----------+-------------------------------------------
     0 | D:1      | cyrus the Merfolk Fighter began the quest for the Orb.
     0 | D:1      | Reached XP level 1. HP: 18/18 MP: 1/1
   687 | D:1      | Reached XP level 2. HP: 22/24 MP: 2/2
  1033 | D:2      | Found a shadowy altar of Dithmenos.
  1197 | D:2      | Reached XP level 3. HP: 15/29 MP: 3/3
  2015 | D:3      | Reached XP level 4. HP: 25/37 MP: 4/4
  2018 | D:3      | Reached skill level 4 in Polearms
  2021 | D:3      | Reached skill level 1 in Dodging
  2804 | D:3      | Reached skill level 5 in Polearms
  2804 | D:3      | Reached XP level 5. HP: 24/42 MP: 5/5
  3014 | D:3      | Noticed Sigmund
  3025 | D:3      | Killed from afar by Sigmund

Illustrated notes

Levels and vault maps discovered:
D:1:      minmay_arrival_four_loops, layout_loops_ring, minmay_tromino_i2
D:2:      layout_loops_ring, basic_altar
D:3:      layout_loops_corners, grunt_temple_overflow_diamond,
          gup_sewer_entry_bubbles, hangedman_decor_push, uniq_sigmund

Skill      XL: |  1  2  3  4 |
---------------+-------------+-----
Polearms       | 5 |  5.2
Armour         | 3 |  3.1
Dodging        | 1 |  1.5
Fighting       | |  3.7
Stealth        | |  0.3
Shields        | |  3.1

Action                   |  1- 3 |  4- 6 || total
-------------------------+-------+-------++-------
Melee: Trident           |   102 |    80 ||   182
       Tailslap          |       |     3 ||     3
  Use: Potion            |     1 |     1 ||     2
Armor: Scale mail        |    48 |    26 ||    74
Dodge: Dodged            |    52 |    37 ||    89
Block: Buckler           |    24 |    13 ||    37

Table legend: (Time is in decaauts)
 A = Elapsed time spent in this place.
 B = Non-inter-level travel time spent in this place.
 C = Inter-level travel time spent in this place.
 D = Time resting spent in this place.
 E = Time spent auto-exploring this place.
 F = Levels seen in this place.
 G = Mean time per level.
                   A        B        C        D        E       F      G
               +--------+--------+--------+--------+--------+-----+--------+
         Total |   3033 |   2979 |     54 |    230 |   2243 |   3 | 1011.0 |
       Dungeon |   3033 |   2979 |     54 |    230 |   2243 |   3 | 1011.0 |
               +--------+--------+--------+--------+--------+-----+--------+

Top non-repeatable levels by time:
     D:1: 1036 daAuts
     D:3: 1033 daAuts
     D:2: 963 daAuts
